 Dungeon Crawl Stone Soup version 0.29-a0-1027-gcd8c55af63 (webtiles) character file.

Game seed: 11777218772783498135

4121 maded the Thaumaturge (level 10, -4/83 HPs)
             Began as a Meteoran Transmuter on Aug 12, 2022.
             Was a Follower of Wu Jian.
             Slain by a troll (5 damage)
             ... on level 9 of the Dungeon on Aug 16, 2022.
             The game lasted 00:55:35 (4964 turns).

maded the Thaumaturge (Meteoran Transmuter)         Turns: 4964, Time: 00:55:36

Health: -4/83      AC:  2    Str: 11    XL:     10   Next: 80%
Magic:  24/24      EV: 17    Int: 16    God:    Wu Jian [*.....]
Gold:   308        SH:  0    Dex: 25    Spells: 24/27 levels left

rFire   . . .      SeeInvis .   o - +7 Throatcutter {drain, coup de grace}
rCold   . . .      Faith    .   (no shield)
rNeg    . . .      Spirit   .   a - +0 robe
rPois   +          Reflect  .   (no helmet)
rElec   .          Harm     .   (no cloak)
rCorr   .          Rampage  .   (no gloves)
Will    +....                   (no boots)
Stlth   +.........              (no amulet)
HPRegen 0.23/turn               N - ring of poison resistance
MPRegen 0.19/turn               E - +6 ring of dexterity

@: wereblooded (expiring), hasted, glowing, studying Stealth, very quick
A: sense surroundings 2, otherworldly, glowing, explore regen
a: Renounce Religion


You were on level 9 of the Dungeon.
You worshipped Wu Jian.
Wu Jian was aware of your devotion.
You visited 2 branches of the dungeon, and saw 10 of its levels.

You collected 308 gold pieces.

Inventory:

Hand Weapons
 o - the +7 Throatcutter (weapon) {drain, coup de grace}
   (You found it on level 2 of the Dungeon)

   A truly terrible weapon, it drains the life of any living foe it strikes.
   It may instantly kill foes which have little health.
 p - a +1 long sword of flaming
Armour
 a - a +0 robe (worn)
 u - a +0 leather armour
 z - a +0 pair of boots
Magical Staves
 x - a staff of fire
Jewellery
 k - a ring of flight
 E - a +6 ring of dexterity (right hand)
 N - a ring of poison resistance (left hand)
Wands
 C - a wand of paralysis (6)
 G - a wand of flame (19)
 J - a wand of iceblast (19)
Scrolls
 e - 4 scrolls of teleportation {unknown}
 h - 10 scrolls of identify
 l - 5 scrolls of amnesia {unknown}
 q - a scroll of enchant weapon {unknown}
 t - a scroll of blinking {unknown}
 v - a scroll of enchant armour {unknown}
 y - 2 scrolls of brand weapon {unknown}
 A - a scroll of torment {unknown}
 B - a scroll of fear {unknown}
 H - a scroll of vulnerability {unknown}
 I - a scroll of butterflies {unknown}
 K - a scroll of magic mapping {unknown}
Potions
 b - 2 potions of lignification
 c - a potion of might {unknown}
 d - 2 potions of magic {unknown}
 f - a potion of resistance {unknown}
 g - a potion of invisibility
 i - a potion of brilliance {unknown}
 j - 6 potions of curing
 m - a potion of heal wounds {unknown}
 n - a potion of berserk rage {unknown}
 r - 4 potions of haste
 s - a potion of attraction {unknown}
 w - a potion of flight {unknown}
 D - 2 potions of mutation {unknown}
 F - a potion of ambrosia {unknown}
 L - a potion of cancellation {unknown}


   Skills:
 + Level 5.6 Fighting
 * Level 8.5 Long Blades
 + Level 6.5 Dodging
 - Level 4.0 Unarmed Combat
 * Level 9.1 Spellcasting
 * Level 8.5 Summonings
 - Level 2.6 Transmutations
 - Level 0.2 Poison Magic


You had 24 spell levels left.
You knew the following spells:

 Your Spells              Type           Power      Damage    Failure   Level
a - Beastly Appendage     Tmut           30%        N/A       3%          1
b - Wereblood             Tmut           15%        N/A       4%          2

Your spell library contained the following spells:

 Spells                   Type           Power      Damage    Failure   Level
 Freeze                   Ice            28%        1d5       10%         1
 Necrotise                Necr           28%        1d5       10%         1
 Sublimation of Blood     Necr           7%         N/A       16%         2
 Spider Form              Tmut/Pois      11%        N/A       17%         3
 Ignite Poison            Fire/Tmut/Pois 10%        N/A       21%         3
 Conjure Flame            Conj/Fire      7%         6-21      30%         3
 Frozen Ramparts          Ice            14%        1d3       30%         3
 Vampiric Draining        Necr           7%         2d6       30%         3
 Ice Form                 Ice/Tmut       11%        N/A       50%         4
 Hailstorm                Conj/Ice       7%         3d4       69%         4
 Sticky Flame             Conj/Fire      7%         2d3       69%         4
 Summon Hydra             Summ           17%        N/A       94%         7
 Agony                    Necr           7%         N/A       95%         5


Dungeon Overview and Level Annotations

Branches:
Dungeon (9/15) Zot: 599    Temple (1/1) D:6 Zot: 561
   Lair: D:8-11         Orc: D:9-12

Altars:
Ashenzari
Cheibriados
Dithmenos
Fedhas
Gozag
Kikubaaqudgha
Makhleb
Nemelex Xobeh
Okawaru
Qazlal
Ru
Sif Muna
Trog
Uskayaw
Vehumet
Wu Jian
Yredelemnul
Zin
The Shining One

Shops:
D:2 ?*!


Innate Abilities, Weirdness & Mutations

You passively map the area around you.
You are easily found by Zot.
You glow in the dark.
You regain HP and MP as you explore.


Message History

You kill the kobold!
The Council accepts your kill.
You closely miss the kobold brigand.
The kobold brigand completely misses you.
You slice the kobold brigand!!
The kobold brigand is severely wounded.
The kobold brigand hits you with a +0 dagger.
You slash the kobold brigand! You drain the kobold brigand.
You feel a bit better.
You kill the kobold brigand!
The Council accepts your kill.
You lunge at the troll.
You hit the troll. You drain the troll.
The troll is lightly wounded.
You howl as the wereblood boils in your veins!
The troll bites you. The troll claws you! The troll barely misses you.
You closely miss the troll.
The troll is lightly wounded.
The troll completely misses you. The troll claws you!
The troll closely misses you.
You barely miss the troll.
The troll is lightly wounded.
The troll misses you. The troll claws you! The troll misses you.
You closely miss the troll.
The troll is lightly wounded.
The troll bites you! The troll claws you. The troll barely misses you.
The troll attacks as you move away! The troll bites you!
* * * LOW HITPOINT WARNING * * *
The troll claws you!
* * * LOW HITPOINT WARNING * * *
The troll misses you.
You feel better. The troll bites you.
* * * LOW HITPOINT WARNING * * *
The troll barely misses you. The troll claws you.
* * * LOW HITPOINT WARNING * * *
You feel yourself speed up.
Your primal bloodlust is almost over.
The troll barely misses you. The troll claws you!
* * * LOW HITPOINT WARNING * * *
The troll claws you.
You die...

, * ,, , ##
, #.# , , ,
.###..### ,
*#.......#
### *
#.....##..#
,
##........#
#.....@..#*
#.....T..##
* *
#....)....#
#.........#
, ,
#....).<.>#
#.........#
,
#.........#
#.......#.#
, , ,,
##......#.#


You could see a troll (drained).

Vanquished Creatures
  A hornet (D:8)
  6 yaks (D:8)
  A steam dragon (D:8)
  A water moccasin (D:7)
  Duvessa (D:7)
  3 orc warriors
  3 ice beasts
  A black bear (D:6)
  2 ogres
  3 centaurs
  A phantom (D:7)
  2 kobold brigands
  A bullfrog (D:8)
  3 necrophages (D:4)
  2 scorpions
  Dowan (D:7)
  An electric eel (D:8)
  3 howler monkeys (D:7)
  3 orc priests
  2 hounds
  3 jellies
  A gnoll bouda (D:4)
  6 iguanas
  8 orc wizards
  12 gnolls
  3 adders
  2 white imps
  3 worms (D:2)
  3 dart slugs
  12 orcs
  3 ball pythons
  6 bats
  6 endoplasms
  5 giant cockroaches
  6 goblins
  7 hobgoblins
  12 jackals
  4 quokkas
  4 frilled lizards
  13 kobolds
  A rat (D:2)
161 creatures vanquished.

Notes
Turn   | Place    | Note
-------+----------+-------------------------------------------
     0 | D:1      | maded the Meteoran Transmuter began the quest for the Orb.
     0 | D:1      | Reached XP level 1. HP: 16/16 MP: 5/5
    59 | D:1      | Reached XP level 2. HP: 22/23 MP: 6/6
   172 | D:1      | Learned a level 2 spell: Wereblood
   282 | D:1      | Reached XP level 3. HP: 18/29 MP: 6/8
   505 | D:1      | Glimpsed the power of Zot.
   544 | D:2      | Found the +7 Throatcutter {drain, coup de grace}
   553 | D:2      | Found Junkotun's General Store.
   658 | D:2      | Reached skill level 3 in Spellcasting
   805 | D:2      | Reached skill level 1 in Long Blades
   857 | D:2      | Reached XP level 4. HP: 36/36 MP: 9/9
   985 | D:2      | Found Guegevuxt's Distillery.
  1098 | D:2      | Glimpsed the power of Zot.
  1148 | D:2      | Glimpsed the power of Zot.
  1275 | D:2      | Found Uzxoj's Magic Scroll Shop.
  1680 | D:3      | Reached skill level 1 in Summonings
  1696 | D:3      | Glimpsed the power of Zot.
  1746 | D:3      | Glimpsed the power of Zot.
  1784 | D:3      | Glimpsed the power of Zot.
  1793 | D:3      | Touched by the power of Zot.
  1882 | D:3      | Found an opulent altar of Gozag.
  1891 | D:3      | Glimpsed the power of Zot.
  1919 | D:4      | Noticed a necrophage
  1922 | D:4      | Killed a necrophage
  1923 | D:4      | Reached XP level 5. HP: 23/35 MP: 11/11
  1987 | D:4      | Found a shadowy altar of Dithmenos.
  2000 | D:4      | Reached skill level 4 in Spellcasting
  2000 | D:4      | Reached XP level 6. HP: 18/48 MP: 11/13
  2051 | D:4      | Found a glowing silver altar of Zin.
  2069 | D:4      | Reached XP level 7. HP: 30/56 MP: 12/14
  2107 | D:4      | Found a broken altar of Ashenzari.
  2301 | D:3      | Found a hide-covered altar of Uskayaw.
  2479 | D:3      | Glimpsed the power of Zot.
  2526 | D:5      | Entered Level 5 of the Dungeon
  2581 | D:4      | Reached skill level 5 in Spellcasting
  2707 | D:5      | Reached XP level 8. HP: 55/63 MP: 16/16
  2780 | D:5      | Found an iron altar of Okawaru.
  3070 | D:5      | Glimpsed the power of Zot.
  3099 | D:6      | Reached skill level 5 in Long Blades
  3132 | D:6      | Reached skill level 6 in Spellcasting
  3134 | D:6      | Reached skill level 5 in Summonings
  3305 | D:6      | Found a sacrificial altar of Ru.
  3495 | D:6      | Found a staircase to the Ecumenical Temple.
  3520 | Temple   | Entered the Ecumenical Temple
  3537 | Temple   | Became a worshipper of the Wu Jian Council
  3580 | D:6      | Gained mutation: You passively map the area around you.
                  | [Meteoran growth]
  3580 | D:6      | Reached XP level 9. HP: 58/71 MP: 19/19
  3703 | D:6      | Glimpsed the power of Zot.
  3714 | D:6      | Found a bloodstained altar of Trog.
  3728 | D:6      | Reached skill level 5 in Dodging
  3752 | D:6      | Glimpsed the power of Zot.
  3785 | D:7      | Reached skill level 7 in Spellcasting
  3803 | D:7      | Found a snail-covered altar of Cheibriados.
  4209 | D:7      | Reached * piety under Wu Jian
  4251 | D:7      | Noticed Duvessa
  4251 | D:7      | Noticed Dowan
  4255 | D:7      | Killed Duvessa
  4259 | D:7      | Killed Dowan
  4284 | D:7      | Reached XP level 10. HP: 63/80 MP: 22/22
  4298 | D:7      | Glimpsed the power of Zot.
  4426 | D:8      | Reached skill level 8 in Spellcasting
  4443 | D:8      | Reached skill level 5 in Fighting
  4725 | D:8      | Reached skill level 9 in Spellcasting
  4867 | D:8      | Glimpsed the power of Zot.
  4916 | D:8      | Glimpsed the power of Zot.
  4964 | D:9      | HP: 1/83 [troll (10)]
  4964 | D:9      | Slain by a troll

Illustrated notes

Levels and vault maps discovered:
D:1:      dpeg_arrival_connections, layout_basic
D:2:      layout_basic, serial_shops, shop, nicolae_shop_statue_plus,
          nicolae_lakefront_shop, minmay_cupped
D:3:      layout_basic, mainiacjoe_overflow_surrounded_room, marbit_many_paths,
          kennysheep_cluttered_room
D:4:      layout_loops_ring, mainiacjoe_overflow_catwalk, zin_statuary,
          kennysheep_mini_moat, nrook_uturn, grunt_ministairs_2
D:5:      layout_basic, kennysheep_okawaru_gauntlet, uniq_crazy_yiuf_cottage
D:6:      layout_loops_ring, trog_butcher_becter,
          nicolae_ru_the_path_less_chosen, minmay_temple_entry_steel_oval,
          chequers_garden
D:7:      layout_loops_ring, cheibriados_altar_1, kb_lookout_dungeons_type,
          skrybe_limestone_x, chequers_jeans, uniq_duvessa
D:8:      layout_loops_ring, minivault_4, minmay_manual_mullet
D:9:      layout_cave_pods, lemuel_tele_altar, orc_0_dummy, serial_ice,
          serial_ice_d, serial_ice_m, serial_ice_n, serial_ice_a, serial_ice_j,
          serial_shops, nicolae_shop_behind_doors
Temple:   hellmonk_temple_rainy

Skill      XL: |  1  2  3  4  5  6  7  8  9 10 |
---------------+-------------------------------+-----
Unarmed Combat | 4 |  4.0
Spellcasting   | 3 4 5 6 7 9 |  9.1
Fighting       | 2 3 4 5 |  5.6
Long Blades    | 1 2 3 4 5 7 8 |  8.5
Summonings     | 1 2 3 4 5 7 8 |  8.5
Dodging        | 3 4 5 6 |  6.5
Transmutations | |  2.6
Poison Magic   | |  0.2

Action                   |  1- 3 |  4- 6 |  7- 9 | 10-12 || total
-------------------------+-------+-------+-------+-------++-------
Melee: Unarmed           |    69 |       |       |       ||    69
       Headbutt          |     2 |       |     1 |     7 ||    10
       Punch             |     1 |     1 |     3 |     4 ||     9
       Kick              |     1 |       |       |    13 ||    14
       Long sword        |    18 |    43 |   174 |    70 ||   305
 Cast: Beastly Appendage |     2 |       |     4 |     6 ||    12
       Wereblood         |     2 |     1 |     8 |     4 ||    15
Invok: Lunge             |       |       |     4 |    14 ||    18
Evoke: Wand              |       |       |     1 |       ||     1
  Use: Potion            |     2 |     1 |     1 |     2 ||     6
       Scroll            |       |       |     1 |     1 ||     2
 Stab: Sleeping          |       |     1 |       |       ||     1
       Paralysed         |       |       |     1 |       ||     1
Armor: Robe              |    20 |     8 |    18 |     1 ||    47
Dodge: Dodged            |    52 |    19 |   100 |    40 ||   211

Table legend: (Time is in decaauts)
 A = Elapsed time spent in this place.
 B = Non-inter-level travel time spent in this place.
 C = Inter-level travel time spent in this place.
 D = Time resting spent in this place.
 E = Time spent auto-exploring this place.
 F = Levels seen in this place.
 G = Mean time per level.
                   A        B        C        D        E       F      G
               +--------+--------+--------+--------+--------+-----+--------+
         Total |   5039 |   3818 |   1221 |     11 |   1518 |  10 |  503.9 |
       Dungeon |   5000 |   3779 |   1221 |     11 |   1518 |   9 |  555.6 |
        Temple |     38 |     38 |      0 |      0 |      0 |   1 |   38.0 |
               +--------+--------+--------+--------+--------+-----+--------+

Top non-repeatable levels by time:
     D:2: 1096 daAuts
     D:8: 658 daAuts
     D:6: 642 daAuts
     D:7: 558 daAuts
     D:1: 553 daAuts
     D:4: 550 daAuts
     D:3: 522 daAuts
     D:5: 400 daAuts
  Temple: 38 daAuts
     D:9: 16 daAuts
